 Dungeon Crawl Stone Soup version 0.27-a0-836-gfc908b8576 (webtiles) character file.

Game seed: 13544725152205004851

98 Alarkh the Insei (level 4, 34/37 HPs)
             Began as a Demonspawn Monk on Apr 1, 2021.
             Got out of the dungeon alive.
             The game lasted 00:02:15 (2449 turns).

Alarkh the Insei (Demonspawn Monk)                  Turns: 2449, Time: 00:02:15

Health: 34/37      AC:  2    Str: 11    XL:     4   Next: 43%
Magic:  4/4        EV: 13    Int: 12    God:
Gold:   47         SH:  0    Dex: 18    Spells: 3/3 levels left

rFire    . . .     SeeInvis .     - Unarmed
rCold    . . .     Faith    .   (no shield)
rNeg     . . .     Spirit   .   a - +0 robe
rPois    .         Reflect  .   (no helmet)
rElec    .         Harm     .   (no cloak)
rCorr    .         Rampage  .   (no gloves)
Will     .....                  (no boots)
Stlth    +++.......             (no amulet)
HPRegen  0.12/turn              (no ring)
MPRegen  0.09/turn              (no ring)

@: studying Dodging
A: thin skeletal structure 1, powered by pain 1
a: no special abilities


You escaped.
You visited 1 branch of the dungeon, and saw 2 of its levels.

You collected 47 gold pieces.

Inventory:

Armour
 a - a +0 robe (worn)
Scrolls
 b - a scroll of noise {unknown}
 d - a scroll of fear {unknown}
 e - a scroll of silence {unknown}


   Skills:
 + Level 3.7 Fighting
 + Level 3.6 Dodging
 - Level 1.7 Stealth
 * Level 4.0 Unarmed Combat


You had 3 spell levels left.
You didn't know any spells.
Your spell library was empty.

Dungeon Overview and Level Annotations

Branches:
Dungeon (2/15)

Altars:
Zin

Annotations:
D:2 2 transporters


Innate Abilities, Weirdness & Mutations

You have a somewhat thin skeletal structure. (Dex +2, Stealth)
You sometimes gain a little power by taking damage.


Message History

The orc is lightly wounded.
You closely miss something. You hit something.
You hear some strange, mumbled words.
A magic dart appears from out of thin air!
The magic dart hits you.
You hit something. Something hits you.
You barely miss something. Something hits you.
You hit something. You hit something.
Reactivating autopickup.
You feel a bit more experienced.
Your Unarmed Combat skill increases to level 4!
You aren't carrying any potions.
Unknown command.
You closely miss the orc.
The orc is lightly wounded.
The orc hits you with a +0 dagger.
You punch the orc!
You kill the orc!
Items here: ))) [ †.
You start resting.
An endoplasm comes into view.
The endoplasm quivers.
You hit the endoplasm.
The endoplasm is almost dead.
The endoplasm closely misses you.
You hit the endoplasm but do no damage.
The endoplasm is severely wounded.
The endoplasm hits you but does no damage.
You hit the endoplasm.
You kill the endoplasm!
HP restored.
The orc warrior shouts!
There is a stone staircase leading up, spattered with blood here.
You climb upwards.
There is a stone staircase leading down, spattered with blood here.
There is a staircase leading out of the dungeon here.
Are you sure you want to leave the Dungeon?
This will make you lose the game!
You have escaped!

.......###########...#### #.
.#.....##.#...#.###.##..# #.
.......##...#.#...#..#.#########.
........#####.###.##.#..#........
##.......#....#....#.##.#.#######
.#.........##.#..#......#.#
.#.#+##..###..#..########.#
.#.#.#####...###.#...#..#[#
.#.#.# ##.#....@....#.##.#######
##.#.# #..#...#.###...#.........
...#.# ########..#..###..#######
.#.#.####......#..#.##....#
........#.##.#....#....#..#
...####.#..#.##.###.####### #..#
#.##.#..#...#.#...# ..>#
#.#..##.###.#...#.# ####
#.####...##########


There were no monsters in sight!

Vanquished Creatures
  An orc wizard (D:2)
  2 adders
  2 orcs (D:2)
  8 endoplasms
  2 giant cockroaches
  A hobgoblin (D:1)
  4 jackals
  5 kobolds
  4 quokkas
  4 ball pythons
  3 bats
  2 frilled lizards (D:1)
  4 goblins
  7 rats
49 creatures vanquished.

Notes
Turn   | Place    | Note
-------+----------+-------------------------------------------
     0 | D:1      | Alarkh the Demonspawn Monk began the quest for the Orb.
     0 | D:1      | Reached XP level 1. HP: 18/18 MP: 1/1
   114 | D:1      | Reached skill level 3 in Unarmed Combat
   124 | D:1      | Gained mutation: You sometimes gain a little power by
                  | taking damage. [demonic ancestry]
   124 | D:1      | Reached XP level 2. HP: 12/24 MP: 2/2
   969 | D:1      | Reached XP level 3. HP: 10/29 MP: 3/3
  1328 | D:2      | Found a transporter.
  1328 | D:2      | Noticed a sky beast
  1332 | D:2      | Found a transporter.
  1333 | D:2      | Noticed an orc warrior
  1814 | D:2      | Noticed a steam dragon
  2293 | D:2      | Gained mutation: You have a somewhat thin skeletal
                  | structure. (Dex +2, Stealth) [demonic ancestry]
  2293 | D:2      | Reached XP level 4. HP: 27/35 MP: 4/4
  2303 | D:2      | Reached skill level 4 in Unarmed Combat
  2449 | D:$      | Got out of the dungeon alive.

Illustrated notes

Levels and vault maps discovered:
D:1:      psy_arrival_radial01, layout_basic, minmay_misc_feat_secret_circle
D:2:      layout_basic, marbit_many_paths, gammafunk_temple_overflow_arena,
          mrwooster_statue_mirror, minmay_tetromino_i4, uniq_robin, uniq_sigmund

Skill      XL: |  1  2  3  4 |
---------------+-------------+-----
Unarmed Combat | 3 4 |  4.0
Dodging        | 3 |  3.6
Fighting       | |  3.7
Stealth        | |  1.7

Action                   |  1- 3 |  4- 6 || total
-------------------------+-------+-------++-------
Melee: Unarmed           |   164 |    15 ||   179
       Punch             |     2 |       ||     2
  Use: Potion            |     1 |       ||     1
 Stab: Sleeping          |     9 |       ||     9
Armor: Robe              |    20 |     1 ||    21
Dodge: Dodged            |   137 |     2 ||   139

Table legend: (Time is in decaauts)
 A = Elapsed time spent in this place.
 B = Non-inter-level travel time spent in this place.
 C = Inter-level travel time spent in this place.
 D = Time resting spent in this place.
 E = Time spent auto-exploring this place.
 F = Levels seen in this place.
 G = Mean time per level.
                   A        B        C        D        E       F      G
               +--------+--------+--------+--------+--------+-----+--------+
         Total |   2440 |   2348 |     92 |    984 |   1012 |   2 | 1220.0 |
       Dungeon |   2440 |   2348 |     92 |    984 |   1012 |   2 | 1220.0 |
               +--------+--------+--------+--------+--------+-----+--------+

Top non-repeatable levels by time:
     D:1: 1807 daAuts
     D:2: 633 daAuts
